 Dungeon Crawl Stone Soup version 0.29.1-13-g9f3cf754e1 (webtiles) character file.

Game seed: 1760089923884816371

0 croobank the Scratcher (level 1, 0/9 HPs)
             Began as a Felid Transmuter on Jan 26, 2023.
             Slain by a kobold
             ... wielding a +0 whip
              (3 damage)
             ... on level 1 of the Dungeon.
             The game lasted 00:00:41 (116 turns).

croobank the Scratcher (Felid Transmuter)            Turns: 116, Time: 00:00:41

Health: 0/9        AC:  1    Str:  6    XL:     1   Next: 8%
Magic:  2/4        EV: 17    Int: 14    God:
Gold:   10         SH:  0    Dex: 16    Spells: 3/4 levels left
                                        Lives:  0   Deaths: 0

rFire   . . .      SeeInvis +     - Unarmed
rCold   . . .      Faith    .   (shield unavailable)
rNeg    . . .      Spirit   .   (body armour unavailable)
rPois   .          Reflect  .   (helmet unavailable)
rElec   .          Harm     .   (cloak unavailable)
rCorr   .          Rampage  .   (gloves unavailable)
Will    .....                   (boots unavailable)
Stlth   +.........              (no amulet)
HPRegen 0.03/turn               (no ring)
MPRegen 0.09/turn               (no ring)

@: appendages, very slightly contaminated, quick
A: horns 2, very small, claws 1, fangs 3, see invisible, speed 1, shaggy fur 1,
stealthy paws, no weapons or thrown items, no armour, multi-lived
a: End Transformation


You were on level 1 of the Dungeon.
You had temporarily grown beastly horns.
You visited 1 branch of the dungeon, and saw 1 of its levels.

You collected 10 gold pieces.

Inventory:

Potions
 a - a potion of lignification


   Skills:
 + Level 1.0 Fighting
 + Level 2.7 Dodging
 + Level 3.0 Unarmed Combat
 + Level 2.0 Spellcasting
 + Level 2.2 Transmutations


You had 3 spell levels left.
You knew the following spells:

 Your Spells              Type           Power      Damage    Failure   Level
a - Beastly Appendage     Tmut           14%        N/A       10%         1

Your spell library contained the following spells:

 Spells                   Type           Power      Damage    Failure   Level
 Wereblood                Tmut           7%         N/A       14%         2
 Spider Form              Tmut/Pois      4%         N/A       41%         3
 Ice Form                 Ice/Tmut       4%         N/A       83%         4


Dungeon Overview and Level Annotations

Branches:
Dungeon (1/15)

Altars:


Innate Abilities, Weirdness & Mutations

You have temporarily grown beastly horns.
You have sharp claws.
You have razor-sharp teeth.
You have supernaturally acute eyesight. (SInv)
You cover ground quickly. (Speed+)
You are covered in fur. (AC +1)
Your paws help you pounce on unaware monsters.
You are incapable of wielding weapons or throwing items.
You cannot wear armour.
You gain extra lives every three experience levels.


Message History

Confirm with . or Enter, or press ? or * to list all spells.
You miscast Beastly Appendage.
Nothing appears to happen.
The kobold misses you.
A goblin and an endoplasm come into view.
The endoplasm quivers.
Found a stone staircase leading down.
Your magical contamination has completely faded away.
You see here a +0 quarterstaff.
There is a large open door here.
Found a kobold skeleton and a gnoll skeleton.
You open the large door.
There is a large open door here.
Found 10 gold pieces.
You now have 10 gold pieces.
A goblin comes into view. It is wielding a +0 club.
The goblin shouts!
A ball python comes into view.
A bat comes into view.
Found a stone staircase leading down.
A bat comes into view.
The bat moves out of view.
There is a stone staircase leading down here.
The bat barely misses you.
You scratch the bat. Your claw misses the bat.
The bat is severely wounded.
The bat hits you.
Casting: Beastly Appendage (safe; 10% risk of failure)
Confirm with . or Enter, or press ? or * to list all spells.
You miscast Beastly Appendage.
You are very lightly contaminated with residual magic.
Nothing appears to happen.
The bat misses you. The bat hits you. The bat completely misses you.
You scratch the bat.
You kill the bat!
The bat closely misses you. The kobold barely misses you. The bat misses you.
Casting: Beastly Appendage (safe; 10% risk of failure)
Confirm with . or Enter, or press ? or * to list all spells.
You grow a pair of large bovine horns.
The bat misses you. The kobold hits you with a +0 whip.
You die...

#.## ## .... .. ..#
#..# .. #.# ##..#
##. #.## .... ..
..S #.b# #.# #g#
#.†# #.####.#####
#.@# #...........
#JK# #..###.#####
#..# #..# #.# #..#
#..# #.#
#..#####..###.##
#..............#
##...J...##########
#####.####÷#8#÷#8#
#.##8#+#.#+#.#


You could see an endoplasm, a bat and a kobold.

Vanquished Creatures
  A bat (D:1)
1 creature vanquished.

Notes
Turn   | Place    | Note
-------+----------+-------------------------------------------
     0 | D:1      | croobank the Felid Transmuter began the quest for the Orb.
     0 | D:1      | Reached XP level 1. HP: 9/9 MP: 4/4
   116 | D:1      | Slain by a kobold

Illustrated notes

Levels and vault maps discovered:
D:1:      wander_arrival_abandoned_jail, layout_loops_ring, minmay_pentomino_v4

Action                   || total
-------------------------++-------
Melee: Unarmed           ||     3
 Cast: Beastly Appendage ||     1
Armor: Skin              ||     1
Dodge: Dodged            ||     8
